 Dungeon Crawl Stone Soup version 0.29.1-15-g9cfb28693d (webtiles) character file.

Game seed: 15701643488547523991

67 Hugehornet the Cudgeller (level 4, 0/28 HPs)
             Began as a Gargoyle Fighter on Mar 23, 2023.
             Frozen to death by an endoplasm (4 damage)
             ... on level 3 of the Dungeon.
             The game lasted 00:02:23 (2300 turns).

Hugehornet the Cudgeller (Gargoyle Fighter)         Turns: 2300, Time: 00:02:24

Health: 0/28       AC: 15    Str: 19 (20) XL:     4   Next: 16%
Magic:  4/4        EV:  5    Int:  8 (10) God:
Gold:   128        SH:  0    Dex:  7 (9)  Spells: 3/3 levels left

rFire   . . .      SeeInvis .   a - +0 flail
rCold   . . .      Faith    .   c - +0 buckler
rNeg    + . .      Spirit   .   f - +0 plate armour
rPois   ∞          Reflect  .   (no helmet)
rElec   +          Harm     .   (no cloak)
rCorr   .          Rampage  .   (no gloves)
Will    .....                   (no boots)
Stlth   ..........              (no amulet)
HPRegen 0.09/turn               (no ring)
MPRegen 0.09/turn               (no ring)

@: confused, mighty
A: sickness immunity, AC +3, negative energy resistance 1, electricity
resistance, torment resistance 1, petrification resistance
a: no special abilities


You were on level 3 of the Dungeon.
You visited 1 branch of the dungeon, and saw 3 of its levels.

You collected 128 gold pieces.

Inventory:

Hand Weapons
 a - a +0 flail (weapon)
Armour
 b - a +0 scale mail
 c - a +0 buckler (worn)
 f - a +0 plate armour (worn)
Jewellery
 m - an amulet of magic regeneration
 n - a +6 ring of intelligence
Scrolls
 e - a scroll of vulnerability {unknown}
 j - 3 scrolls of immolation {unknown}
 k - 4 scrolls of identify {unknown}
 l - a scroll of enchant armour {unknown}
 o - a scroll of amnesia {unknown}
 q - a scroll of brand weapon {unknown}
 r - a scroll of poison {unknown}
Potions
 g - 2 potions of curing {unknown}
 h - a potion of berserk rage {unknown}
 i - 2 potions of degeneration
 p - 2 potions of attraction {unknown}
 s - a potion of mutation {unknown}
 t - a potion of magic {unknown}


   Skills:
 - Level 3.2 Fighting
 + Level 4.3 Maces & Flails
 - Level 3.2 Armour
 - Level 3.2 Shields


You had 3 spell levels left.
You didn't know any spells.
Your spell library was empty.

Dungeon Overview and Level Annotations

Branches:
Dungeon (3/15)

Altars:


Innate Abilities, Weirdness & Mutations

You are immune to sickness and miasma.
Your stone body is resilient. (AC +3)
You are immune to poison.
You resist negative energy. (rN+)
You are resistant to electric shocks. (rElec)
You are resistant to unholy torment.
You are immune to petrification.


Message History

You hear some strange, mumbled words.
A puff of flame appears from out of thin air!
The puff of flame hits you but does no damage.
The orc hits you with a +0 short sword.
You closely miss the orc.
A goblin comes into view. It is wielding a +0 dagger.
Something hits you but does no damage. The orc barely misses you.
The goblin shouts!
You hit the orc priest.
The orc priest is moderately wounded.
You feel less confused. Something hits you but does no damage.
The orc priest hits you with a +0 short sword.
You block the orc's attack. The endoplasm freezes you.
You are frozen.
* * * LOW HITPOINT WARNING * * *
The orc hits you with a +0 short sword.
* * * LOW HITPOINT WARNING * * *
The orc priest hits you but does no damage.
Something hits you but does no damage.
You feel very mighty all of a sudden.
The endoplasm hits you but does no damage.
The orc priest hits you but does no damage.
You hear some strange, mumbled words.
You are confused.
The orc hits you with a +0 short sword.
* * * LOW HITPOINT WARNING * * *
It was a potion of degeneration.
There was something very wrong with that liquid.
You feel weakened.
You feel dopey.
You feel clumsy. The endoplasm completely misses you.
You hear some strange, mumbled words.
You are more confused.
The orc barely misses you.
The orc priest hits you but does no damage.
You barely miss something. The endoplasm freezes you.
You are frozen.
You die...

.. ...# ... ... ...
.......####'##. ..
..###.........=..... .
......................
#. .#..................
... .oo...... .......##
..:.#o...{J.. g......#
.....<#..... #J.....+
....###.<.#.####@.>...#
... .#......o{o....# ..
........##.....# #
#......##.<...#
#......##.....#
##......##.....#.#
..................#
....#.########....+
...... ....#


You could see an orc priest, an orc, an endoplasm and a goblin.

Vanquished Creatures
  2 adders (D:2)
  An orc (D:2)
  2 bats
  4 endoplasms
  3 giant cockroaches
  5 goblins
  6 hobgoblins
  5 jackals (D:2)
  A quokka (D:2)
  A ball python (D:2)
  3 frilled lizards
  3 kobolds
  8 rats (D:1)
44 creatures vanquished.

Notes
Turn   | Place    | Note
-------+----------+-------------------------------------------
     0 | D:1      | Hugehornet the Gargoyle Fighter began the quest for the
                  | Orb.
     0 | D:1      | Reached XP level 1. HP: 14/14 MP: 1/1
   157 | D:1      | Reached XP level 2. HP: 19/19 MP: 2/2
   403 | D:1      | Reached skill level 3 in Maces & Flails
  1204 | D:2      | Reached XP level 3. HP: 23/23 MP: 3/3
  1740 | D:2      | Reached skill level 4 in Maces & Flails
  1791 | D:2      | Found a faded altar of an unknown god.
  1923 | D:2      | Reached XP level 4. HP: 28/28 MP: 4/4
  2300 | D:3      | Frozen to death by an endoplasm

Illustrated notes

Levels and vault maps discovered:
D:1:      dpeg_arrival_simpleton_c, layout_basic
D:2:      minmay_chambers_of_ones, layout_loops_ring,
          hellmonk_ecumenical_altar_prayer_group,
          nicolae_elevator_lobby_asterisk
D:3:      layout_basic, minmay_surrounded

Skill      XL: |  1  2  3 |
---------------+----------+-----
Maces & Flails | 3 4 |  4.3
Fighting       | |  3.2
Armour         | |  3.2
Shields        | |  3.2

Action                   |  1- 3 |  4- 6 || total
-------------------------+-------+-------++-------
Melee: Flail             |   108 |    29 ||   137
  Use: Potion            |       |     2 ||     2
Armor: Plate armour      |    82 |    35 ||   117
Dodge: Dodged            |    36 |     7 ||    43
Block: Buckler           |    29 |     8 ||    37
